Map: Crystal Pools

Players

Night

  • Race: Zerg Zerg
  • Spawn Location: 3:00

KingKong - Winner!

  • Race: Zerg Zerg
  • Spawn Location: 9:00

Dreamer - Winner!

  • Race: Terran Terran
  • Spawn Location: 7:00

Sesh

  • Race: Terran Terran
  • League: Grandmaster
  • Spawn Location: 1:00

VOD

Have the link to the VOD?

Description

Time

  • Played on: April 2, 2017, 4:38 a.m.
  • Length: 9:49
Show
View Real Time Build Order
Export as new Build Order

Night Zerg 

Build Orders: Hatch First 

Get SALT Encoding   

  12  0:01  Drone  
  13  0:12  Overlord  
  13  0:18  Drone  
  14  0:30  Drone  
  14  0:32  Drone  
  16  0:36  Drone  
  17  0:52  Hatchery  
  17  0:55  Drone  
  17  1:02  Drone  
  18  1:07  Extractor  
  17  1:14  Spawning Pool  
  16  1:19  Drone  
  16  1:21  Drone  
  18  1:31  Drone  
  19  1:41  Overlord  
  19  1:53  Drone  
  20  2:01  Queen  
  20  2:02  Zergling x2  
  23  2:09  Queen  
  23  2:14  Drone  
  23  2:15  Drone x2  
  28  2:19  Metabolic Boost  
  28  2:22  Drone  
  29  2:27  Drone  
  30  2:36  Drone  
  30  2:37  Drone  
  32  2:44  Overlord  
  32  2:47  Drone  
  32  2:49  Hatchery  
  32  2:59  Overlord  
  32  3:04  Zergling x2  
  33  3:09  Zergling x6  
  36  3:13  Zergling x4  
  38  3:22  Zergling x4  
  41  3:31  Drone x3  
  41  3:32  Drone  
  43  3:42  Extractor  
  43  3:45  Drone x5  
  43  3:48  Extractor  
  46  3:50  Overlord  
  45  4:01  Lair  
  45  4:02  Drone x3  
  47  4:03  Drone x3  
  47  4:09  Queen  
  52  4:24  Drone x4, Extractor  
  54  4:26  Drone x4  
  54  4:27  Overlord  
  59  4:40  Spine Crawler  
  58  4:50  Drone x8  
  58  4:51  Drone x3  
  69  4:57  Zergling x2  
  70  5:05  Zergling x2  
  66  5:08  Zergling x6  
  66  5:13  Spire  
  66  5:19  Drone  
  67  5:26  Hatchery  
  67  5:27  Overlord  
  65  5:29  Overlord  
  65  5:30  Zergling x4  
  67  5:39  Overlord  
  67  5:40  Overlord  
  67  5:44  Extractor  
  67  5:45  Overlord  
  67  5:47  Extractor  
  65  5:53  Zergling x16  
  65  5:54  Zergling x2  
  41  6:25  Mutalisk, Queen  
  41  6:26  Mutalisk x2  
  47  6:36  Mutalisk  
  49  6:44  Mutalisk x2  
  49  6:45  Mutalisk  
  55  6:54  Mutalisk x2  
  55  6:59  Drone  
  60  7:04  Queen  
  62  7:11  Mutalisk x2  
  66  7:24  Mutalisk x3  
  72  7:35  Mutalisk  
  71  7:49  Spawning Pool  
Show
View Real Time Build Order
Export as new Build Order

KingKong Zerg - Winner!

Build Orders: Hatch First 

Get SALT Encoding   

  12  0:00  Drone  
  13  0:12  Overlord  
  13  0:17  Drone  
  14  0:31  Drone x2  
  14  0:34  Drone  
  17  0:55  Hatchery  
  17  0:56  Drone  
  17  1:03  Drone  
  18  1:10  Extractor  
  17  1:16  Spawning Pool  
  16  1:20  Drone  
  16  1:21  Drone  
  18  1:28  Drone  
  19  1:39  Drone  
  20  1:55  Drone  
  20  2:00  Overlord  
  21  2:04  Hatchery  
  21  2:05  Queen  
  22  2:13  Drone  
  23  2:20  Metabolic Boost  
  24  2:22  Drone  
  24  2:23  Drone  
  24  2:26  Drone  
  26  2:33  Queen  
  28  2:40  Evolution Chamber  
  28  2:41  Drone  
  28  2:44  Drone  
  29  2:46  Drone  
  29  2:49  Drone  
  31  2:52  Drone  
  31  2:57  Overlord  
  32  3:04  Drone  
  33  3:06  Drone  
  33  3:08  Zerg Melee Weapons Level 1  
  33  3:11  Overlord  
  34  3:15  Drone  
  34  3:16  Zergling x2  
  34  3:18  Zergling x2  
  37  3:20  Zergling x2  
  37  3:22  Zergling x2  
  39  3:28  Zergling x4  
  39  3:30  Zergling x2  
  39  3:34  Zergling x2  
  43  3:38  Zergling x2  
  43  3:39  Queen  
  46  3:41  Zergling x2  
  46  3:42  Zergling x2  
  46  3:47  Zergling x2  
  49  3:48  Zergling x4  
  49  3:50  Zergling x2  
  52  3:56  Zergling x2  
  52  3:57  Zergling x6  
  52  4:00  Zergling x2  
  52  4:01  Zergling x2  
  57  4:09  Zergling x2  
  58  4:10  Spine Crawler  
  58  4:11  Zergling x2  
  58  4:13  Overlord  
  58  4:21  Overlord  
  58  4:27  Drone  
  58  4:28  Overlord x2  
  57  4:35  Zergling x2  
  57  4:36  Drone x2, Zergling x2  
  58  4:39  Lair  
  58  4:41  Extractor  
  58  4:43  Zergling x2  
  58  4:44  Drone  
  59  4:50  Zergling x2  
  59  4:51  Drone, Zergling x4  
  63  4:56  Zergling x2  
  63  5:00  Zergling x6  
  63  5:05  Zerg Ground Armor Level 1  
  66  5:11  Zergling x6  
  66  5:13  Zergling x2  
  66  5:14  Zergling x2  
  66  5:20  Zergling x2  
  62  5:24  Drone x5  
  66  5:29  Drone, Extractor  
  66  5:30  Extractor  
  66  5:33  Drone x2  
  67  5:43  Spire  
  67  5:44  Drone  
  67  5:50  Drone x5  
  72  5:57  Zergling x8  
  72  6:04  Spore Crawler  
  67  6:05  Zergling x2  
  66  6:16  Zergling x2  
  63  6:23  Zergling x20  
  65  6:30  Spore Crawler  
  64  6:35  Drone x2  
  64  6:38  Spore Crawler  
  66  6:40  Drone  
  66  6:48  Drone x2  
  68  6:55  Mutalisk  
  68  6:56  Mutalisk x3  
  76  7:02  Overlord  
  76  7:03  Drone  
  77  7:11  Mutalisk x2  
  77  7:15  Extractor  
  77  7:18  Extractor  
  77  7:20  Drone x2  
  68  7:23  Mutalisk  
  68  7:29  Drone x2  
  71  7:32  Mutalisk  
  71  7:34  Drone  
  73  7:38  Drone x2  
  73  7:43  Mutalisk  
  77  7:49  Mutalisk  
  79  7:53  Zergling x2  
  73  8:02  Zergling x2  
  69  8:05  Zergling x2  
  69  8:06  Zergling x6  
  73  8:13  Mutalisk  
  73  8:17  Zergling x2  
  73  8:26  Mutalisk  
  70  8:28  Mutalisk  
  72  8:35  Mutalisk  
  72  8:38  Drone x3  
  77  8:45  Zergling x8  
  77  8:56  Mutalisk x2  
  77  9:00  Drone  
  82  9:08  Overlord  
  80  9:11  Overlord  
  80  9:18  Overlord  
  80  9:28  Zergling x10  
  80  9:31  Zergling x2  
Show
View Real Time Build Order
Export as new Build Order

Dreamer Terran - Winner!

Build Orders: MMM Bio 

Get SALT Encoding   

  12  0:00  SCV  
  13  0:12  SCV  
  14  0:18  Supply Depot  
  14  0:24  SCV  
  15  0:29  Refinery  
  15  0:39  SCV  
  16  0:46  Barracks  
  16  0:51  SCV  
  17  1:03  SCV  
  18  1:16  Barracks  
  18  1:22  Barracks  
  18  1:35  Reaper  
  18  1:38  Orbital Command  
  19  1:47  Refinery  
  19  1:59  Supply Depot  
  19  2:03  Reaper  
  19  2:07  Reaper  
  19  2:08  SCV  
  22  2:13  Reaper  
  23  2:21  SCV  
  24  2:33  SCV  
  24  2:35  Reaper  
  26  2:39  Reaper  
  27  2:45  SCV, Reaper  
  27  2:51  Supply Depot  
  29  2:57  SCV  
  30  3:07  Reaper  
  30  3:12  SCV, Reaper  
  33  3:17  Reaper  
  33  3:29  SCV  
  32  3:42  Barracks Tech Lab  
  32  3:45  SCV  
  32  3:46  Command Center  
  32  3:47  Factory  
  32  3:52  Reaper  
  32  3:53  Reaper  
  34  3:57  SCV  
  34  4:11  SCV  
  36  4:24  Command Center  
  36  4:27  Stimpack  
  36  4:29  Barracks Reactor  
  35  4:35  SCV  
  36  4:41  Starport  
  36  4:42  Marine x2  
  36  4:45  Factory Reactor  
  38  4:47  SCV  
  39  4:59  SCV  
  40  5:00  Marine  
  40  5:03  Marine  
  40  5:06  Orbital Command  
  42  5:11  SCV  
  42  5:13  Marine x2  
  45  5:18  Marine  
  45  5:20  Marine  
  47  5:23  SCV  
  48  5:31  Marine x2, Barracks  
  48  5:33  SCV  
  52  5:35  SCV  
  52  5:40  Medivac x2, Orbital Command  
  55  5:54  Marine x4  
  55  5:55  SCV  
  55  5:56  Factory Tech Lab  
  60  5:58  SCV  
  61  6:07  SCV  
  61  6:10  SCV  
  60  6:12  Marine x4  
  60  6:19  SCV x2  
  60  6:22  SCV, Medivac x2  
  60  6:24  Barracks Reactor  
  67  6:26  Barracks  
  67  6:27  Refinery  
  67  6:28  Refinery  
  67  6:30  Marine x2  
  69  6:38  Supply Depot  
  69  6:39  Supply Depot  
  69  6:49  Combat Shields  
  69  6:53  Engineering Bay  
  69  6:59  SCV, Marine x4  
  69  7:00  SCV x2  
  76  7:01  Marine x2  
  76  7:05  Supply Depot  
  76  7:06  Medivac x2, Supply Depot  
  82  7:12  SCV x3  
  85  7:18  Marine  
  85  7:22  Barracks Reactor  
  85  7:27  Siege Tank, SCV x3, Marine x3  
  94  7:34  Marine x2  
  94  7:36  Marine  
  97  7:39  SCV x2  
  97  7:43  SCV  
  99  7:44  Marine  
  99  7:45  Terran Infantry Weapons Level 1  
  99  7:46  Engineering Bay  
  100  7:55  Marine  
  101  7:59  Marine x2  
  101  8:00  Marine x2  
  101  8:04  Marine x3  
  100  8:11  Medivac x2  
  91  8:13  Marine  
  91  8:16  Marine  
  91  8:17  Marine  
  91  8:18  Marine x2  
  92  8:22  Marine x3  
  91  8:31  Marine  
  80  8:34  Marine  
  80  8:35  Marine  
  80  8:36  Marine x2  
  80  8:40  Marine x3  
  78  8:49  Marine  
  78  8:50  Siege Tank, Medivac x2  
  78  8:52  Marine  
  78  8:53  Marine x2  
  78  8:54  Marine  
  90  8:56  Armory  
  90  8:58  Marine x3  
  93  9:07  Marine  
  94  9:10  Marine x2  
  94  9:11  Marine  
  94  9:12  Marine  
  94  9:15  Marine x2  
  94  9:16  Marine  
  101  9:28  Supply Depot  
  101  9:29  Supply Depot x2  
  101  9:30  Supply Depot  
  101  9:32  Sensor Tower  
Show
View Real Time Build Order
Export as new Build Order

Sesh Terran 

Build Orders: Hellion Opening, MMM Bio 

Get SALT Encoding   

  12  0:00  SCV  
  13  0:13  SCV  
  14  0:18  Supply Depot  
  14  0:25  SCV  
  15  0:33  Refinery  
  15  0:40  SCV  
  16  0:45  Barracks  
  16  0:52  SCV  
  17  1:04  SCV  
  18  1:16  SCV  
  20  1:32  Reaper  
  20  1:33  Orbital Command  
  20  1:45  Command Center  
  20  1:59  Factory, SCV  
  21  2:08  Refinery  
  21  2:10  Barracks Reactor  
  21  2:11  SCV  
  22  2:19  Supply Depot  
  22  2:23  SCV  
  23  2:41  SCV  
  24  2:53  SCV  
  24  2:56  Starport  
  24  2:57  Hellion x2  
  29  2:59  Orbital Command  
  29  3:12  SCV  
  30  3:15  Reaper  
  30  3:19  Hellion x2  
  35  3:24  SCV  
  36  3:32  SCV  
  36  3:33  Viking  
  38  3:36  SCV, Supply Depot  
  39  3:43  Hellion  
  39  3:44  Hellion  
  39  3:47  SCV  
  44  3:50  Barracks Reactor  
  44  3:52  SCV  
  45  3:59  SCV  
  45  4:02  Liberator  
  44  4:15  Hellion  
  44  4:16  Hellion  
  48  4:17  SCV  
  48  4:18  SCV  
  53  4:26  Supply Depot  
  53  4:29  SCV  
  54  4:45  Command Center  
  54  4:46  Barracks Tech Lab  
  54  4:47  SCV  
  54  4:50  Barracks  
  54  4:52  Barracks  
  55  4:53  Factory Reactor  
  55  4:56  Barracks  
  55  4:57  SCV  
  55  4:59  SCV  
  55  5:02  Supply Depot  
  55  5:14  SCV  
  55  5:15  SCV  
  57  5:24  Starport Reactor, Marine  
  57  5:26  Stimpack  
  57  5:27  SCV  
  59  5:29  SCV  
  59  5:32  Refinery  
  59  5:34  Refinery  
  60  5:35  Engineering Bay  
  60  5:36  Engineering Bay  
  60  5:38  Marine  
  60  5:39  Marine  
  60  5:40  SCV  
  60  5:41  SCV  
  64  5:48  Supply Depot  
  62  5:52  SCV  
  62  5:56  Factory Tech Lab  
  63  5:57  Marine x2  
  63  5:58  Marine  
  63  5:59  Marine  
  63  6:01  Marine  
  68  6:04  Terran Infantry Weapons Level 1, Terran Infantry Armor Level 1  
  68  6:05  Supply Depot  
  68  6:06  Supply Depot  
  65  6:14  Marine x2  
  65  6:15  Marine  
  65  6:19  Medivac x2  
  65  6:24  Orbital Command  
  69  6:28  Siege Tank  
  69  6:30  Marine  
  69  6:31  Marine  
  74  6:36  Marine  
  74  6:37  Marine x2  
  74  6:38  SCV  
  78  6:43  Marine  
  79  6:47  Supply Depot  
  79  6:48  Marine  
  79  6:50  Marine  
  79  6:53  Marine  
  82  6:54  Marine  
  82  6:59  Marine x2  
  85  7:01  SCV  
  85  7:02  SCV  
  85  7:03  Orbital Command  
  85  7:04  Medivac x2  
  91  7:11  Marine  
  92  7:16  Armory  
  90  7:28  SCV, Marine x4  
  90  7:29  Marine  
  95  7:33  Marine  
  95  7:34  Siege Tank, Marine  
  101  7:38  SCV  
  101  7:43  SCV  
  103  7:44  Barracks  
  103  7:45  Supply Depot, Barracks  
  103  7:46  Marine x2  
  103  7:47  Marine  
  106  7:53  Combat Shields  
  98  8:00  SCV, Marine x2  
  98  8:05  Marine x2  
  98  8:06  SCV, Marine x2  
  98  8:07  Marine  
  101  8:17  Supply Depot  
  101  8:18  Marine x2  
  96  8:21  SCV  
  96  8:22  SCV  
  96  8:23  Marine x2  
  96  8:24  Siege Tank, Marine x2  
  96  8:25  Marine  
  96  8:26  Medivac x2, Supply Depot  
  100  8:32  Orbital Command  
  98  8:36  Marine x2  
  98  8:37  SCV  
  98  8:41  Marine x2  
  103  8:42  Marine x2  
  103  8:48  Marine  
  105  8:50  SCV x2  
  105  8:51  Supply Depot  
  105  8:53  Marine  
  105  8:54  Marine  
  110  8:58  Marine  
  110  9:02  SCV x2  
  113  9:03  Medivac x2  
  113  9:04  Barracks Reactor x2  
  117  9:12  Marine  
  117  9:13  Siege Tank  
  121  9:20  Supply Depot  
  121  9:21  Marine x5  
  126  9:25  Marine  
  126  9:30  Marine  
Tags
 
Add a new tag
Caveats
  • Supply blocks, unpowered buildings, or Contaminate may cause inaccurate times.
  • Supply counts are checked every 10 seconds.